 Dungeon Crawl Stone Soup version 0.29-a0-1008-g949cc1d0fb (webtiles) character file.

Game seed: 10067093039727685339

82 gelatine the Chopper (level 4, -11/34 HPs)
             Began as a Demonspawn Gladiator on Aug 8, 2022.
             Mangled by an ice beast (13 damage)
             ... on level 3 of the Dungeon.
             The game lasted 00:06:34 (3000 turns).

gelatine the Chopper (Demonspawn Gladiator)         Turns: 3000, Time: 00:06:34

Health: -11/34     AC:  5    Str: 17    XL:     4   Next: 21%
Magic:  5/5        EV: 12    Int:  9    God:
Gold:   118        SH:  0    Dex: 14    Spells: 3/4 levels left

rFire   . . .      SeeInvis .   a - +0 war axe
rCold   . . .      Faith    .   (no shield)
rNeg    . . .      Spirit   .   b - +0 leather armour
rPois   .          Reflect  .   (helmet restricted)
rElec   .          Harm     .   (no cloak)
rCorr   .          Rampage  .   (no gloves)
Will    .....                   j - +1 pair of boots
Stlth   +.........              (no amulet)
HPRegen 0.11/turn               (no ring)
MPRegen 0.09/turn               (no ring)

@: mighty
A: antennae 1, powered by pain 1
a: no special abilities


You were on level 3 of the Dungeon.
You visited 1 branch of the dungeon, and saw 4 of its levels.

You collected 118 gold pieces.

Inventory:

Hand Weapons
 a - a +0 war axe (weapon)
Armour
 b - a +0 leather armour (worn)
 c - a +0 helmet
 j - a +1 pair of boots (worn)
Scrolls
 e - 2 scrolls of identify {unknown}
 f - a scroll of acquirement {unknown}
 h - a scroll of butterflies {unknown}
 k - a scroll of magic mapping {unknown}
Potions
 d - 3 potions of heal wounds {unknown}
 g - a potion of lignification {unknown}
 i - 4 potions of flight {unknown}


   Skills:
 + Level 2.4 Fighting
 + Level 3.3 Axes
 + Level 2.2 Throwing
 + Level 1.1 Armour
 + Level 3.0 Dodging
 + Level 0.2 Stealth
 + Level 0.7 Spellcasting
 + Level 0.3 Necromancy


You had 3 spell levels left.
You knew the following spells:

 Your Spells              Type           Power      Damage    Failure   Level
a - Necrotise             Necr           0%         1d4       36%         1

Your spell library contained the following spells:

 Spells                   Type           Power      Damage    Failure   Level
 Apportation              Tloc           0%         N/A       41%         1
 Summon Small Mammal      Summ           0%         N/A       41%         1
 Gell's Gravitas          Tloc           0%         N/A       80%         3
 Ignite Poison            Fire/Tmut/Pois 0%         N/A       80%         3
 Lesser Beckoning         Tloc           0%         N/A       80%         3
 Mephitic Cloud           Conj/Pois/Air  0%         N/A       80%         3
 Teleport Other           Tloc           0%         N/A       80%         3
 Freezing Cloud           Conj/Ice/Air   0%         6-21      100%        5


Dungeon Overview and Level Annotations

Branches:
Dungeon (4/15)
 Temple: D:4-7

Altars:
Gozag

Shops:
D:2 (


Innate Abilities, Weirdness & Mutations

You have a pair of small antennae on your head.
You sometimes gain a little power by taking damage.


Message History

The kobold shouts!
You hear an angry hiss.
The bat barely misses you.
Your unstable footing causes you to fumble your attack.
The bat misses you. The endoplasm barely misses you.
You hit the endoplasm.
The endoplasm is heavily wounded.
You hit the bat but do no damage. The bat closely misses you.
The endoplasm barely misses you. The bat barely misses you.
You hit the endoplasm.
You kill the endoplasm!
You closely miss the bat. The bat hits you but does no damage.
The bat hits you but does no damage. The kobold completely misses you.
The kobold barely misses you.
You completely miss the kobold. The bat hits you but does no damage.
The kobold hits you but does no damage.
You closely miss the kobold. You completely miss the bat.
The bat closely misses you. The kobold hits you with a +0 dagger.
The kobold closely misses you.
You hit the kobold but do no damage. The bat barely misses you.
The bat hits you but does no damage. The kobold hits you with a +0 dagger.
You closely miss the kobold. You barely miss the bat. The bat hits you.
The kobold hits you but does no damage.
You barely miss the kobold. You hit the bat.
You kill the bat!
The kobold hits you with a +0 dagger.
An ice beast comes into view.
The kobold hits you but does no damage.
You closely miss the kobold. The kobold hits you but does no damage.
You closely miss the kobold. You hit the ice beast. The kobold misses you.
The ice beast hits you. The ice beast freezes you.
You closely miss the kobold. You barely miss the ice beast.
The kobold hits you with a +0 dagger. The ice beast hits you.
The ice beast freezes you!
* * * LOW HITPOINT WARNING * * *
You focus on the pain.
You feel very mighty all of a sudden. The kobold closely misses you.
The ice beast hits you.
* * * LOW HITPOINT WARNING * * *
The ice beast freezes you!
You die...

###########.##
........#.....
.############.#.#.##
....................
######..##.....#.#.
#####..............#.#.
#........#≈##......#.#.
#.###Y.~##≈≈###......#.
#.@#≈≈#≈≈≈~........
#K†#≈b≈≈#≈##...####
#.~≈#≈≈≈≈≈≈#.#.#
#.#≈≈≈≈≈≈≈≈~...# #.
#≈≈#≈#≈##. #. ≈≈≈≈≈ #
#. ≈#≈≈≈# +. ####


You could see an ice beast and a kobold.

Vanquished Creatures
  An adder (D:2)
  An ufetubus (D:4)
  2 worms
  6 orcs (D:4)
  4 endoplasms
  3 giant cockroaches
  9 goblins
  5 hobgoblins
  2 jackals (D:3)
  3 quokkas
  4 ball pythons
  A bat (D:3)
  2 frilled lizards (D:2)
  4 kobolds
  A rat (D:2)
48 creatures vanquished.

Vanquished Creatures (others)
  6 plants (D:3)
  8 withered plants (D:3)
14 creatures vanquished.

Grand Total: 62 creatures vanquished

Notes
Turn   | Place    | Note
-------+----------+-------------------------------------------
     0 | D:1      | gelatine the Demonspawn Gladiator began the quest for the
                  | Orb.
     0 | D:1      | Reached XP level 1. HP: 16/16 MP: 1/1
   438 | D:1      | Gained mutation: You have a pair of small antennae on your
                  | head. [demonic ancestry]
   438 | D:1      | Reached XP level 2. HP: 20/22 MP: 2/2
  1311 | D:2      | Learned a level 1 spell: Necrotise
  1374 | D:2      | Found an opulent altar of Gozag.
  1393 | D:2      | Gained mutation: You sometimes gain a little power by
                  | taking damage. [demonic ancestry]
  1393 | D:2      | Reached XP level 3. HP: 9/27 MP: 3/3
  1620 | D:2      | Found Maukloq's Antique Weapon Shoppe.
  1674 | D:2      | You fall into a shaft and drop 2 floors!
  1897 | D:4      | Noticed an ogre
  2160 | D:2      | Reached XP level 4. HP: 13/34 MP: 2/4
  2749 | D:3      | Reached skill level 1 in Armour
  2878 | D:3      | Found a faded altar of an unknown god.
  2997 | D:3      | Noticed an ice beast
  3000 | D:3      | Mangled by an ice beast

Illustrated notes

Levels and vault maps discovered:
D:1:      scummos_arrival_checkerplants, layout_basic
D:2:      layout_rooms, basic_altar, serial_shops, shop
D:3:      layout_basic, shapermc_ecumenical_altar_flowoftime, minivault_4,
          minivault_11, wad_orctagon
D:4:      layout_basic, minmay_temple_entry_drinking_statues, uniq_duvessa

Skill      XL: |  1  2  3  4 |
---------------+-------------+-----
Throwing       | 2 |  2.2
Dodging        | 3 |  3.0
Axes           | 3 |  3.3
Armour         | 1 |  1.1
Fighting       | |  2.4
Stealth        | |  0.2
Spellcasting   | |  0.7
Necromancy     | |  0.3

Action                   |  1- 3 |  4- 6 || total
-------------------------+-------+-------++-------
Melee: War axe           |    78 |    37 ||   115
       Punch             |       |     1 ||     1
Throw: Throwing net      |     9 |       ||     9
       Boomerang         |    13 |       ||    13
       Javelin           |     1 |       ||     1
 Cast: Necrotise         |    10 |     7 ||    17
 Stab: Held in net/web   |     1 |       ||     1
Armor: Leather armour    |    17 |    14 ||    31
Dodge: Dodged            |    46 |    21 ||    67

Table legend: (Time is in decaauts)
 A = Elapsed time spent in this place.
 B = Non-inter-level travel time spent in this place.
 C = Inter-level travel time spent in this place.
 D = Time resting spent in this place.
 E = Time spent auto-exploring this place.
 F = Levels seen in this place.
 G = Mean time per level.
                   A        B        C        D        E       F      G
               +--------+--------+--------+--------+--------+-----+--------+
         Total |   3042 |   3008 |     34 |    163 |   2274 |   4 |  760.5 |
       Dungeon |   3042 |   3008 |     34 |    163 |   2274 |   4 |  760.5 |
               +--------+--------+--------+--------+--------+-----+--------+

Top non-repeatable levels by time:
     D:1: 1273 daAuts
     D:2: 958 daAuts
     D:3: 553 daAuts
     D:4: 257 daAuts
